 Dungeon Crawl Stone Soup version 0.29-a0-321-gf1c400731a (webtiles) character file.

Game seed: 2424680482577706626

4 zishaf the Sneak (level 1, -2/11 HPs)
             Began as a Vine Stalker Brigand on Apr 4, 2022.
             Slain by a gnoll
             ... wielding a +0 flail
              (9 damage)
             ... on level 1 of the Dungeon.
             The game lasted 00:00:31 (286 turns).

zishaf the Sneak (Vine Stalker Brigand)              Turns: 286, Time: 00:00:31

Health: -2/11      AC:  3    Str: 13    XL:     1   Next: 70%
Magic:  0/2        EV: 11    Int: 11    God:
Gold:   24         SH:  0    Dex: 15    Spells: 0/0 levels left

rFire   . . .      SeeInvis .   a - +2 dagger
rCold   . . .      Faith    .   (no shield)
rNeg    . . .      Spirit   +   b - +0 robe
rPois   .          Reflect  .   (no helmet)
rElec   .          Harm     .   c - +0 cloak
rCorr   .          Rampage  .   (no gloves)
Will    .....                   (no boots)
Stlth   ++........              (no amulet)
HPRegen 0.03/turn               (no ring)
MPRegen 0.08/turn               (no ring)

@: studying Crossbows, very slow
A: fangs 2, magic shield, antimagic bite, no potion heal 2
a: no special abilities


You were on level 1 of the Dungeon.
You visited 1 branch of the dungeon, and saw 1 of its levels.

You collected 24 gold pieces.

Inventory:

Hand Weapons
 a - a +2 dagger (weapon)
 f - a +0 hunting sling
Missiles
 d - 12 poisoned darts (quivered)
 e - 3 curare-tipped darts
Armour
 b - a +0 robe (worn)
 c - a +0 cloak (worn)


   Skills:
 + Level 1.9 Fighting
 + Level 1.9 Short Blades
 - Level 1.7 Throwing
 - Level 0.7 Dodging
 + Level 5.0 Stealth


You couldn't memorise any spells.
You didn't know any spells.
Your spell library was empty.

Dungeon Overview and Level Annotations

Branches:
Dungeon (1/15)

Altars:


Innate Abilities, Weirdness & Mutations

You have extremely sharp teeth.
When hurt, damage is shared between your health and your magic reserves.
Your bite disrupts and absorbs the magic of your enemies.
Potions cannot restore your health.


Message History

A ball python comes into view.
The ball python hisses angrily.
The ball python moves out of view.
A ball python is nearby!
You hit the ball python.
You kill the ball python!
No target in view!
No target in view!
You see here a +0 hunting sling.
f - a +0 hunting sling You now have 15 gold pieces (gained 8).
You pick up a manual of Crossbows and begin studying.
You now have 24 gold pieces (gained 9).
Found a club.
A bat comes into view.
The helpless bat fails to defend itself.
You impale the bat!!
You kill the bat!
No target in view!
An endoplasm comes into view.
The helpless endoplasm fails to defend itself.
You impale the endoplasm!!
You kill the endoplasm!
No target in view!
An endoplasm comes into view.
The helpless endoplasm fails to defend itself.
You impale the endoplasm!!
You kill the endoplasm!
Your Stealth skill increases to level 5!
No target in view!
Found 16 stones.
No target in view!
You enter the shallow water.
Moving in this stuff is going to be slow.
A gnoll comes into view. It is wielding a +0 flail.
The gnoll shouts!
The gnoll hits you with a +0 flail. x2
You closely miss the gnoll. The gnoll hits you with a +0 flail!
Ouch! That really hurt!
You die...

#......≈≈≈≈.
#....≈≈≈≈≈.....#.
#.....≈≈≈≈......#
#.....≈≈≈P.....#.
#########.#.≈≈≈≈≈P...#..
..........#.≈≈≈≈≈≈......
####........≈≈≈P≈....#..
........##..≈≈≈P≈g....#.
........##(.≈≈≈≈@......#
........###..≈≈≈≈.##..#.
........###.≈P≈≈..#..#
........##..≈P≈≈.......
........##.≈≈≈≈≈≈P.#...
........##.≈≈≈≈≈≈≈.# ...
####.......≈P≈≈≈≈≈.# ..
# ######.≈.≈≈≈≈≈≈.# . #
#...≈≈≈≈≈P...#


You could see a gnoll.

Vanquished Creatures
  A ball python (D:1)
  2 endoplasms (D:1)
  A bat (D:1)
4 creatures vanquished.

Notes
Turn   | Place    | Note
-------+----------+-------------------------------------------
     0 | D:1      | zishaf the Vine Stalker Brigand began the quest for the
                  | Orb.
     0 | D:1      | Reached XP level 1. HP: 11/11 MP: 2/2
   237 | D:1      | Reached skill level 5 in Stealth
   286 | D:1      | Slain by a gnoll

Illustrated notes

Levels and vault maps discovered:
D:1:      psy_arrival_spokes, layout_basic, minmay_tree_intersection,
          minmay_splitting_lines, roderic_serpentine_path,
          minmay_misc_feat_ornament, chequers_big_river, interstate_on_off

Skill      XL: |  1 |
---------------+----+-----
Stealth        | 5 |  5.0
Fighting       | |  1.9
Short Blades   | |  1.9
Throwing       | |  1.7
Dodging        | |  0.7

Action                   || total
-------------------------++-------
Melee: Dagger            ||     5
 Stab: Sleeping          ||     3

Table legend: (Time is in decaauts)
 A = Elapsed time spent in this place.
 B = Non-inter-level travel time spent in this place.
 C = Inter-level travel time spent in this place.
 D = Time resting spent in this place.
 E = Time spent auto-exploring this place.
 F = Levels seen in this place.
 G = Mean time per level.
                   A        B        C        D        E       F      G
               +--------+--------+--------+--------+--------+-----+--------+
         Total |    289 |    272 |     17 |      0 |    237 |   1 |  289.0 |
       Dungeon |    289 |    272 |     17 |      0 |    237 |   1 |  289.0 |
               +--------+--------+--------+--------+--------+-----+--------+

Top non-repeatable levels by time:
     D:1: 289 daAuts
